 Seeded DCSS version 0.29.1-2-gbd0b4ee654 (webtiles) character file.

Game seed: 1738030888014195264 (custom seed)

2451 kingsuperguy the Carver (level 9, -3/121 HPs)
             Began as a Minotaur Berserker on Nov 30, 2022.
             Was an Elder of Trog.
             Slain by a hornet (6 damage)
             ... on level 7 of the Dungeon.
             The game lasted 00:12:09 (9382 turns).

kingsuperguy the Carver (Minotaur Berserker)        Turns: 9382, Time: 00:12:09

Health: -3/121     AC: 24    Str: 24 (26) XL:     9   Next: 25%
Magic:  0/8        EV:  2    Int:  8 (10) God:    Trog [****..]
Gold:   404        SH:  0    Dex:  9 (10) Spells: 8/8 levels left

rFire   . . .      SeeInvis .   a - +0 falchion
rCold   . . .      Faith    .   (no shield)
rNeg    . . .      Spirit   +   (body armour currently unavailable)
rPois   +          Reflect  .   (helmet currently unavailable)
rElec   .          Harm     .   (cloak currently unavailable)
rCorr   .          Rampage  .   (gloves currently unavailable)
Will    ++...      NoTele   +   (boots currently unavailable)
Stlth   +.........              p - amulet of guardian spirit
HPRegen 1.30/turn               v - +6 ring of intelligence
MPRegen 0.11/turn               (no ring)

@: tree-form, strong-willed, regenerating
A: stationary, stasis, torment immunity, boosted hp, (horns 2), (retaliatory
headbutt)
a: Renounce Religion, Berserk, Trog's Hand, Brothers in Arms


You were on level 7 of the Dungeon.
You worshipped Trog.
Trog was greatly pleased with you.
You were a tree.
You visited 1 branch of the dungeon, and saw 7 of its levels.

You collected 404 gold pieces.

Inventory:

Hand Weapons
 a - a +0 falchion (weapon)
 y - a +0 rapier
Missiles
 t - a throwing net (quivered)
Armour
 b - a +0 animal skin
 l - a +0 chain mail (melded)
 q - a +0 cloak (melded)
 r - a +0 pair of boots (melded)
 z - a +1 ring mail of fire resistance
Jewellery
 p - an amulet of guardian spirit (around neck)
 v - a +6 ring of intelligence (left branch)
Wands
 x - a wand of acid (4)
 E - a wand of mindburst (13)
Scrolls
 h - 2 scrolls of blinking
 m - a scroll of fear
 o - a scroll of vulnerability
 s - 3 scrolls of teleportation
 B - a scroll of identify
 D - a scroll of enchant weapon {unknown}
 F - a scroll of torment {unknown}
Potions
 c - 3 potions of brilliance
 d - 2 potions of curing {unknown}
 e - 2 potions of magic {unknown}
 f - 2 potions of attraction {unknown}
 i - a potion of degeneration
 j - a potion of lignification
 k - a potion of might {unknown}
 n - a potion of cancellation {unknown}
 u - a potion of experience {unknown}
 w - a potion of invisibility {unknown}
 A - 3 potions of berserk rage {unknown}


   Skills:
 + Level 8.0 Fighting
 + Level 10.5 Long Blades
 + Level 8.2 Armour
 + Level 3.6 Dodging
 + Level 1.0 Stealth
 + Level 0.4 Evocations


You had 8 spell levels left.
You didn't know any spells.
Your spell library was empty.

Dungeon Overview and Level Annotations

Branches:
Dungeon (7/15)             Temple (0/1) D:6

Altars:
Gozag
Hepliaklqana
Kikubaaqudgha
Sif Muna

Shops:
D:1 (   D:3 =   D:4 *


Innate Abilities, Weirdness & Mutations

You are a tree.
Your roots penetrate the ground, keeping you stationary.
You cannot be teleported.
You are immune to unholy pain and torment.
Your maximum health is greatly increased.
Your equipment is partially melded.
((You have a pair of horns on your head.))
((You reflexively headbutt those who attack you in melee.))


Message History

The hornet stings you.
You feel as though you will be slow longer.
The hornet barely misses you. The ogre hits you with a +0 giant club!
* * * LOW HITPOINT WARNING * * *
Blink to where?
Press: ? - help, Dir - move target
Found a potion of heal wounds.
As you read the scroll of blinking, it crumbles to dust.
* * * LOW HITPOINT WARNING * * *
You feel very sick.
Okay, then.
As you read the scroll of fear, it crumbles to dust.
You assume a fearsome visage.
The ogre looks frightened!
The hornet looks frightened!
* * * LOW HITPOINT WARNING * * *
You feel sick.
As you read the scroll labelled CELIME WEOTSU, it crumbles to dust.
It is a scroll of amnesia.
You feel forgetful for a moment.
* * * LOW HITPOINT WARNING * * *
You feel sick.
Cornered, the hornet turns to fight!
It was a potion of lignification.
You turn into a tree.
Your +0 cloak melds into your body.
Your +0 pair of boots melds into your body.
Your +0 chain mail melds into your body.
Your roots penetrate the ground.
* * * LOW HITPOINT WARNING * * *
You feel sick.
It was a potion of degeneration.
There was something very wrong with that liquid.
You feel weakened.
You feel dopey.
You feel clumsy.
You feel yourself speed up.
You feel sick.
Okay, then.
Your skin crawls.
You feel strong-willed.
You feel sick.
You are no longer poisoned.
The hornet barely misses you. The hornet stings you!
You die...

# #....#
#####.+.<...##.#
#####'##
###.....##.# ..#
#.# #.....##.# #.#
#.# #######..# #.#
#.#
#############.##
#'###.#
#.........?##.#
...)..#
#..........##.#
...####
..##.............#
...+
.......♣y####+####
...# ####.....#
:..# #.....# ...#
#####.. .### ...
.# ..!. .# .....
## ......


You could see a hornet.

Vanquished Creatures
  Pikel (D:5)
  A water moccasin (D:7)
  A sky beast (D:7)
  2 black bears
  2 ogres
  2 lemures (D:5)
  2 bullfrogs (D:6)
  A kobold brigand (D:7)
  3 killer bees (D:7)
  3 howler monkeys
  A hound (D:7)
  Crazy Yiuf (D:2)
  3 orc priests (D:5)
  3 iguanas
  3 orc wizards
  Natasha (twice) (D:3)
  6 hell rats (D:7)
  Terence (D:2)
  7 gnolls
  24 river rats (D:7)
  5 adders
  A shadow imp (D:7)
  2 white imps
  An ufetubus (D:6)
  4 worms
  4 dart slugs
  23 orcs
  8 bats
  2 bat zombies (D:5)
  6 endoplasms
  2 giant cockroaches (D:1)
  8 hobgoblins
  10 kobolds
  A quokka (D:3)
  5 ball pythons
  4 frilled lizards
  11 goblins
  5 rats
  A rat zombie (D:5)
  A spectral hobgoblin (D:6)
173 creatures vanquished.

Notes
Turn   | Place    | Note
-------+----------+-------------------------------------------
     0 | D:1      | kingsuperguy the Minotaur Berserker began the quest for the
                  | Orb.
     0 | D:1      | Reached XP level 1. HP: 19/19 MP: 0/0
   152 | D:1      | Found a faded altar of an unknown god.
   185 | D:1      | Reached XP level 2. HP: 27/27 MP: 1/1
   309 | D:1      | Reached skill level 4 in Long Blades
   727 | D:1      | Found Ismoeso's Weapon Emporium.
   963 | D:2      | Found a runed translucent door.
   964 | D:2      | Noticed Crazy Yiuf
   987 | D:2      | Reached XP level 3. HP: 33/33 MP: 2/2
  1146 | D:2      | Noticed Terence
  1158 | D:2      | Killed Terence
  1431 | D:2      | Reached ** piety under Trog
  1666 | D:2      | Reached XP level 4. HP: 41/41 MP: 3/3
  1709 | D:2      | Reached skill level 5 in Long Blades
  2445 | D:2      | Killed Crazy Yiuf
  2446 | D:2      | Reached XP level 5. HP: 40/47 MP: 4/4
  3030 | D:3      | Reached skill level 5 in Fighting
  3397 | D:3      | Noticed Natasha
  3403 | D:3      | Killed Natasha
  3451 | D:3      | Found Ihunad's Jewellery Shop.
  3484 | D:3      | Noticed Natasha
  3487 | D:3      | Killed Natasha
  3841 | D:4      | Reached skill level 6 in Long Blades
  3865 | D:4      | Identified the +1 leather armour "Languuv" {rF- rN+ Stlth+}
  3937 | D:4      | Found Bifryr's General Store.
  4100 | D:4      | Found a shimmering blue altar of Sif Muna.
  4469 | D:4      | Reached XP level 6. HP: 28/56 MP: 5/5
  4775 | D:4      | Reached *** piety under Trog
  4840 | D:5      | Entered Level 5 of the Dungeon
  5469 | D:5      | Reached skill level 7 in Long Blades
  5516 | D:5      | Reached XP level 7. HP: 54/62 MP: 6/6
  6010 | D:5      | Noticed Pikel
  6020 | D:5      | Killed Pikel
  6021 | D:5      | Reached skill level 8 in Long Blades
  6021 | D:5      | Reached skill level 5 in Armour
  6021 | D:5      | Reached XP level 8. HP: 21/71 MP: 1/7
  6479 | D:5      | Found an ancient bone altar of Kikubaaqudgha.
  6766 | D:6      | Found a staircase to the Ecumenical Temple.
  6778 | D:6      | Reached skill level 9 in Long Blades
  6854 | D:6      | Found an opulent altar of Gozag.
  7303 | D:6      | Found a hazy altar of Hepliaklqana.
  8104 | D:7      | Reached skill level 1 in Stealth
  8203 | D:7      | Reached **** piety under Trog
  8291 | D:7      | Reached skill level 10 in Long Blades
  8520 | D:7      | Found the +2 ratskin cloak {*Rats rPois rN+ Str-1 Int-1
                  | Dex+1}
  8634 | D:7      | Reached XP level 9. HP: 80/80 MP: 6/8
  9379 | D:7      | HP: 3/81 [poisoned by a hornet]
  9382 | D:7      | Slain by a hornet

Illustrated notes

Levels and vault maps discovered:
D:1:      evilmike_arrival_crescent, layout_rooms,
          hellmonk_ecumenical_altar_zigzags, serial_shops, nicolae_shop_trees,
          grunt_decor_resistance
D:2:      layout_basic, uniq_terence, uniq_crazy_yiuf_cottage
D:3:      cheibrodos_greedy_goblins, layout_loops_ring, serial_shops,
          nicolae_shop_trees, uniq_natasha
D:4:      layout_rooms, led_sif_book, serial_shops, nicolae_take_the_stairs
D:5:      layout_basic, lemuel_zombie_altar_kikubaaqudgha, uniq_pikel
D:6:      layout_basic, nicolae_gozag_cash_rules_everything_around_me,
          nicolae_hepliaklqana_monster_ancestors, minmay_temple_entry_slanted,
          kennysheep_generic_room_14
D:7:      wander_guarded_unrand_ratskin, layout_basic

Skill      XL: |  1  2  3  4  5  6  7  8  9 |
---------------+----------------------------+-----
Fighting       | 4 5 6 7 8 |  8.0
Long Blades    | 4 5 6 7 8 10 | 10.5
Armour         | 3 4 5 7 8 |  8.2
Dodging        | 3 |  3.6
Stealth        | 1 |  1.0
Evocations     | |  0.4

Action                   |  1- 3 |  4- 6 |  7- 9 || total
-------------------------+-------+-------+-------++-------
Melee: Falchion          |    83 |   168 |   348 ||   599
       Headbutt          |    14 |    35 |    67 ||   116
       Punch             |     1 |     3 |     1 ||     5
Invok: Berserk           |     1 |     1 |     4 ||     6
       Trog's Hand       |       |       |     1 ||     1
Evoke: Wand              |       |       |     2 ||     2
  Use: Scroll            |       |     7 |     4 ||    11
       Potion            |       |     1 |     5 ||     6
Armor: Animal skin       |     8 |       |       ||     8
       Chain mail        |    34 |   105 |   160 ||   299
Dodge: Dodged            |    48 |    71 |   148 ||   267
